 Dungeon Crawl Stone Soup version 0.32-a0-473-gd044c6f0f0 (webtiles) character file.

Game seed: 16230813084439631808

72 Aldia the Sneak (level 4, 0/24 HPs)
             Began as a Vampire Enchanter on Feb 25, 2024.
             Slain by a gnoll
             ... wielding a +0 halberd
              (17 damage)
             ... on level 2 of the Dungeon.
             The game lasted 00:02:50 (1175 turns).

Aldia the Sneak (Vampire Enchanter)                 Turns: 1175, Time: 00:02:50

Health: 0/24       AC:  2    Str:  7    XL:     4   Next: 6%
Magic:  5/7        EV: 12    Int: 17    God:
Gold:   76         SH:  0    Dex: 16    Spells: 2/7 levels left

rFire   . . .        a - +1 dagger
rCold   + + .        (no shield)
rNeg    + + +        b - +0 robe
rPois   ∞            (no helmet)
rElec   .            (no cloak)
rCorr   .            (no gloves)
SInv    +            (no boots)
Will    .....        (no amulet)
Stlth   +++++        (no ring)
HPRegen 0.00/turn    (no ring)
MPRegen 0.10/turn

%: no passive effects
@: very slightly contaminated, bloodless, inhibited regen
A: bloodless, fangs 3, see invisible, vampiric 2
a: Bat Form, Revivify


You were on level 2 of the Dungeon.
You visited 1 branch of the dungeon, and saw 2 of its levels.

You collected 76 gold pieces.

Inventory:

Hand Weapons
 a - a +1 dagger (weapon)
Missiles
 j - 2 curare-tipped darts (quivered)
Armour
 b - a +0 robe (worn)
 d - a +1 ring mail of fire resistance
 f - a +0 leather armour
 m - the +8 chain mail of Ybriloal {Rampage rElec Str+3 Slay+2}
   (You found it on level 2 of the Dungeon)

   Str+3:     It affects your strength (+3).
   Slay+2:    It affects your accuracy & damage with ranged weapons and melee
   (+2).
   rElec:     It insulates you from electricity.
   Rampage:   It bestows one free step when moving towards enemies.
Jewellery
 l - a ring of ice
Scrolls
 e - a scroll of amnesia {unknown}
 h - a scroll of fear {unknown}
 i - a scroll of immolation {unknown}
Potions
 c - 2 potions of invisibility
 g - 2 potions of heal wounds {unknown}
 k - a potion of curing {unknown}
 n - 2 potions of degeneration {unknown}


   Skills:
 * Level 2.9 Short Blades
 - Level 2.1 Dodging
 * Level 6.0 Stealth
 - Level 2.0 Spellcasting
 - Level 4.6 Hexes
 - Level 1.0 Ice Magic


You had 2 spell levels left.
You knew the following spells:

 Your Spells              Type           Power      Damage    Failure   Level
a - Ensorcelled Hibernat  Hex/Ice        22%        N/A       10%         2
b - Confusing Touch       Hex            17%        N/A       9%          3

Your spell library contained the following spells:

 Spells                   Type           Power      Damage    Failure   Level
 Tukima's Dance           Hex            17%        N/A       9%          3
 Dazzling Flash           Conj/Hex       18%        N/A       22%         3
 Dimensional Bullseye     Hex/Tloc       4%         N/A       58%         4
 Iskenderun's Mystic Bla  Conj/Tloc      1%         2d3       88%         4


Dungeon Overview and Level Annotations

Branches:
Dungeon (2/15)

Altars:


Innate Abilities, Weirdness & Mutations

You do not regenerate when monsters are visible.
You are frail without blood (-20% HP).
You can heal yourself when you bite living creatures.
You are immune to poison.
You have razor-sharp teeth.
You have supernaturally acute eyesight. (SInv)
You are afflicted with vampirism and can become a bat while bloodless.


Message History

Your Ice Magic skill increases to level 1!
You see here a +0 whip.
The helpless goblin fails to defend itself.
You bite the goblin, and draw its blood!
You impale the goblin!!
You kill the goblin!
You see here a +0 whip.
The frilled lizard hisses angrily.
The frilled lizard completely misses you.
You hit the frilled lizard.
You kill the frilled lizard!
No target in view!
No target in view!
You see here a frilled lizard corpse.
The helpless adder fails to defend itself.
You bite the adder, and draw its blood! You impale the adder!!
You kill the adder!
Your Stealth skill increases to level 6!
You have reached level 4!
n - 2 fuming cyan potions
Okay, then.
You now have 76 gold pieces (gained 13).
A gnoll comes into view. It is wielding a +0 halberd.
A gnoll comes into view. It is wielding a +0 halberd.
A gnoll comes into view. It is wielding a +0 club.
A gnoll comes into view. It is wielding a +0 flail.
Found a spear.
The gnoll hits you with a +0 halberd.
The gnoll hits you from afar with a +0 halberd.
The gnoll barely misses you. The gnoll misses you.
Casting: Ensorcelled Hibernation (safe; 10% risk of failure)
Confirm with . or Enter, or press ? or * to list all spells.
Aiming: Ensorcelled Hibernation (safe; 10% risk of failure)
Press: ? - help, Shift-Dir - straight line, f - gnoll
Aim: a gnoll, wielding a +0 halberd (chance to affect: 53%)
You miscast Ensorcelled Hibernation.
You are very lightly contaminated with residual magic.
Nothing appears to happen.
The gnoll closely misses you. The gnoll hits you with a +0 halberd!
Ouch! That really hurt!
You die...

#.... ).... ...... ......
#.....######
...........#########
g......###.........######
......gg@..#######.......
#.....####.##############
##.g. #..........# ###
###........# #........#
### ###### #........# #..
#....###........###..
#............<.......
#....########........


You could see 3 gnolls.

Vanquished Creatures
  2 adders (D:2)
  A dart slug (D:1)
  3 ribbon worms (D:2)
  2 bats (D:1)
  3 endoplasms
  4 giant cockroaches (D:1)
  3 goblins
  4 hobgoblins
  2 kobolds
  A quokka (D:1)
  6 ball pythons
  8 frilled lizards
  7 rats
46 creatures vanquished.

Notes
Turn   | Place    | Note
-------+----------+-------------------------------------------
     0 | D:1      | Aldia the Vampire Enchanter began the quest for the Orb.
     0 | D:1      | Reached XP level 1. HP: 13/13 MP: 3/3
   239 | D:1      | Reached XP level 2. HP: 15/15 MP: 5/5
   245 | D:1      | Learned a level 2 spell: Ensorcelled Hibernation
   331 | D:1      | Reached skill level 5 in Stealth
   545 | D:1      | Gained mutation: You are afflicted with vampirism and can
                  | become a bat while bloodless. [Vampire growth]
   545 | D:1      | Reached XP level 3. HP: 19/19 MP: 6/6
   549 | D:1      | Learned a level 3 spell: Confusing Touch
  1041 | D:2      | Identified the +8 chain mail of Ybriloal {Rampage rElec
                  | Str+3 Slay+2}
  1126 | D:2      | Reached skill level 1 in Ice Magic
  1143 | D:2      | Reached skill level 6 in Stealth
  1143 | D:2      | Reached XP level 4. HP: 24/24 MP: 7/7
  1175 | D:2      | Slain by a gnoll

Illustrated notes

Levels and vault maps discovered:
D:1:      psy_arrival_conway, layout_loops_ring, minmay_stone_trees_medium,
          minmay_box_of_dots
D:2:      layout_rooms

Skill      XL: |  1  2  3 |
---------------+----------+-----
Stealth        | 5 6 |  6.0
Short Blades   | 2 |  2.9
Ice Magic      | 1 |  1.0
Dodging        | |  2.1
Spellcasting   | |  2.0
Hexes          | |  4.6

Action                     |  1- 3 |  4- 6 || total
---------------------------+-------+-------++-------
  Melee: Dagger            |    85 |       ||    85
         Bite              |     5 |       ||     5
   Cast: Ensorcelled Hiber |     3 |       ||     3
Ability: Exsanguinate      |     1 |       ||     1
   Stab: Sleeping          |    31 |       ||    31
 Armour: Robe              |    25 |     3 ||    28
  Dodge: Dodged            |    34 |     3 ||    37

Table legend: (Time is in decaauts)
 A = Elapsed time spent in this place.
 B = Non-inter-level travel time spent in this place.
 C = Inter-level travel time spent in this place.
 D = Time resting spent in this place.
 E = Time spent auto-exploring this place.
 F = Levels seen in this place.
 G = Mean time per level.
                   A        B        C        D        E       F      G
               +--------+--------+--------+--------+--------+-----+--------+
         Total |   1172 |   1155 |     17 |     38 |    781 |   2 |  586.0 |
       Dungeon |   1172 |   1155 |     17 |     38 |    781 |   2 |  586.0 |
               +--------+--------+--------+--------+--------+-----+--------+

Top non-repeatable levels by time:
     D:1: 771 daAuts
     D:2: 400 daAuts
